 Dungeon Crawl Stone Soup version 0.30.1-9-gdf580d7c3d (webtiles) character file.

Game seed: 9303774261976478935

163440 Peloso the Fencer (level 17, -1/165 HPs)
             Began as a Minotaur Fighter on Oct 5, 2023.
             Was the Champion of Okawaru.
             Drowned by a water elemental (12 damage)
             ... led by a merfolk aquamancer
             ... on level 1 of the Shoals.
             The game lasted 01:11:26 (32383 turns).

Peloso the Fencer (Minotaur Fighter)               Turns: 32383, Time: 01:11:27

Health: -1/165     AC: 35    Str: 24    XL:     17   Next: 24%
Magic:  18/18      EV: 12    Int:  5    God:    Okawaru [******]
Gold:   2304       SH: 11    Dex: 15    Spells: 16/16 levels left

rFire   . . .        a - +5 double sword (heavy)
rCold   + . .        d - +2 buckler {rF+}
rNeg    + + .        y - +11 shadow dragon scales of Okawaru's Pride {Harm +Blink Slay+3 Stlth++++}
rPois   +            (helmet restricted)
rElec   .            U - scarf "Daeru" {shadows, Drain rPois rC+ rN++}
rCorr   .            C - +2 pair of gloves
SInv    .            e - -1 pair of boots "Eghuityo" {rF- Slay+5}
Will    ++...        (no amulet)
Stlth   ++           g - ring of poison resistance
HPRegen 0.47/turn    m - ring of willpower
MPRegen 0.16/turn

%: harm (+30% outgoing, +20% incoming)
@: engulfed (cannot breathe), mesmerised, very slow
A: horns 2, retaliatory headbutt
a: Renounce Religion, Evoke Blink, Heroism, Finesse, Duel


You were on level 1 of the Shoals.
You worshipped Okawaru.
Okawaru was exalted by your worship.
You visited 5 branches of the dungeon, and saw 26 of its levels.
You also visited: Sewer and Volcano.

You collected 2892 gold pieces.
You spent 588 gold pieces at shops.

Inventory:

Hand Weapons
 a - a +5 heavy double sword (weapon)
 b - a +3 scimitar of flaming
 c - a +2 vampiric demon blade
Missiles
 w - 4 throwing nets (quivered)
Armour
 d - a +2 buckler of fire resistance (worn)
 e - the -1 pair of boots "Eghuityo" (worn) {rF- Slay+5}
   (Okawaru gifted it to you on level 9 of the Dungeon)

   Slay:      It affects your accuracy & damage with ranged weapons and melee
   (+5).
   rF:        It makes you vulnerable to fire.
 l - a +0 cloak
 q - a +2 chain mail of fire resistance
 y - the +11 shadow dragon scales of Okawaru's Pride (worn) {Harm +Blink Slay+3 Stlth++++}
   (Okawaru gifted it to you on level 2 of the Lair of Beasts)

   Slay:      It affects your accuracy & damage with ranged weapons and melee
   (+3).
   +Blink:    It lets you blink.
   Harm:      It increases damage dealt and taken.
   Stlth:     It makes you much more stealthy.
 C - a +2 pair of gloves (worn)
 U - the scarf "Daeru" (worn) {shadows, Drain rPois rC+ rN++}
   (Okawaru gifted it to you on level 12 of the Dungeon)

   rC:        It protects you from cold.
   rPois:     It protects you from poison.
   rN:        It greatly protects you from negative energy.
   Drain:     It drains your maximum health when unequipped.
Jewellery
 g - a ring of poison resistance (left hand)
 m - a ring of willpower (right hand)
 p - a +4 ring of protection
 G - the amulet "Tituuwea" {Acrobat Contam rElec rN+++ rCorr}
   (You found it on level 12 of the Dungeon)

   [amulet of the acrobat]

   It increases your evasion while moving and waiting.
   rElec:     It insulates you from electricity.
   rN:        It renders you almost immune to negative energy.
   Contam:    It causes magical contamination when unequipped.
   rCorr:     It protects you from acid and corrosion.
Wands
 j - a wand of roots (8)
 o - a wand of polymorph (5)
 v - a wand of digging (4)
Scrolls
 h - 5 scrolls of noise
 i - 2 scrolls of silence
 k - 5 scrolls of amnesia
 n - 8 scrolls of immolation
 r - a scroll of fear
 s - 10 scrolls of teleportation
 x - 2 scrolls of enchant armour
 E - a scroll of blinking
 F - 2 scrolls of magic mapping
 M - 7 scrolls of poison
 Y - 6 scrolls of identify
Potions
 f - 4 potions of might
 t - 4 potions of curing
 u - 2 potions of lignification
 A - 3 potions of haste
 N - 3 potions of attraction
 O - 3 potions of berserk rage
 P - 4 potions of flight
 Q - a potion of resistance


   Skills:
 + Level 18.3 Fighting
 + Level 19.5 Long Blades
 + Level 17.3 Armour
 + Level 8.4 Dodging
 + Level 5.1 Stealth
 + Level 17.9 Shields
 + Level 2.8 Invocations
 + Level 0.7 Evocations


You had 16 spell levels left.
You didn't know any spells.
Your spell library contained the following spells:

 Spells                   Type           Power      Damage    Failure   Level
 Magic Dart               Conj           0%         1d3       91%         1
 Sting                    Tmut/Pois      0%         1d3       91%         1
 Blink                    Tloc           0%         N/A       97%         2
 Lesser Beckoning         Tloc           0%         N/A       97%         2
 Momentum Strike          Conj/Tloc      0%         3d8       97%         2
 Poisonous Vapours        Pois/Air       0%         N/A       97%         2
 Scorch                   Fire           0%         2d5       97%         2
 Searing Ray              Conj           0%         2d4       97%         2
 Dazzling Flash           Conj/Hex       0%         N/A       100%        3
 Gell's Gravitas          Tloc           0%         N/A       100%        3
 Ozocubu's Armour         Ice            0%         N/A       100%        3
 Portal Projectile        Hex/Tloc       0%         N/A       100%        3
 Teleport Other           Tloc           0%         N/A       100%        3
 Vhi's Electric Charge    Tloc/Air       0%         N/A       100%        3
 Cause Fear               Hex            0%         N/A       100%        4
 Flame Wave               Conj/Fire      0%         2d4       100%        4
 Fulminant Prism          Conj/Hex       0%         3d5       100%        4
 Leda's Liquefaction      Hex/Erth       0%         N/A       100%        4
 Olgreb's Toxic Radiance  Pois           0%         N/A       100%        4
 Petrify                  Tmut/Erth      0%         N/A       100%        4
 Agony                    Necr           0%         N/A       100%        5
 Alistair's Intoxication  Tmut/Pois      0%         N/A       100%        5
 Arcjolt                  Conj/Air       0%         1d10      100%        5
 Borgnjor's Vile Clutch   Necr/Erth      0%         N/A       100%        5
 Metabolic Englaciation   Hex/Ice        0%         N/A       100%        5
 Silence                  Hex/Air        0%         N/A       100%        5
 Eringya's Noxious Bog    Tmut/Pois      0%         N/A       100%        6
 Plasma Beam              Fire/Air       0%         2x1d11    100%        6
 Statue Form              Tmut/Erth      0%         N/A       100%        6
 Dragon Form              Tmut           0%         N/A       100%        7
 Ozocubu's Refrigeration  Ice            0%         4d7       100%        7
 Discord                  Hex            0%         N/A       100%        8
 Ignition                 Fire           0%         3d3       100%        8
 Call Canine Familiar     Summ           Unusable   N/A       N/A         3
 Summon Cactus Giant      Summ           Unusable   N/A       N/A         6
 Dragon's Call            Summ           Unusable   N/A       N/A         9

Dungeon Overview and Level Annotations

Branches:
Dungeon (15/15)            Temple (0/1) D:6            Lair (5/5) D:10
 Shoals (2/4) Lair:2       Spider (2/4) Lair:2        Slime (0/5) Lair:4
    Orc (2/2) D:10            Elf (0/3) Orc:2        Vaults (0/5) D:13
 Depths (0/4) D:15          Sewer (visited)         Volcano (visited)

Altars:
Elyvilon
Gozag
Hepliaklqana
Kikubaaqudgha
Makhleb
Nemelex Xobeh
Okawaru
Qazlal
Sif Muna
Wu Jian
Xom
The Shining One
Jiyva

Shops:
D:3 ?   D:14 *   Orc:2 :??*   Shoals:2 **

Portals:
Trove: D:14 (give 6 scrolls of fear)

Annotations:
Lair:5 Casa


Innate Abilities, Weirdness & Mutations

You have a pair of horns on your head.
You reflexively headbutt those who attack you in melee.


Message History

Your unstable footing causes you to fumble your attack.
* * * LOW HITPOINT WARNING * * *
Your lungs strain for air!
You block the harpy's attack. The harpy claws you but does no damage.
The water elemental hits you.
The merfolk aquamancer hits you with a +2 rapier of venom.
* * * LOW HITPOINT WARNING * * *
The merfolk hits you but does no damage.
The merfolk siren chants its luring song.
You feel much better.
* * * LOW HITPOINT WARNING * * *
Your lungs strain for air!
The water elemental hits you.
The merfolk aquamancer hits you but does no damage.
The merfolk hits you but does no damage.
The merfolk siren chants its luring song.
You slash the merfolk aquamancer! You headbutt the merfolk aquamancer.
You kill the merfolk aquamancer!
Okawaru accepts your kill.
You hear a splash. x3
* * * LOW HITPOINT WARNING * * *
Your lungs strain for air!
The harpy claws you.
* * * LOW HITPOINT WARNING * * *
The harpy claws you but does no damage. You block the water elemental's attack.
The water elemental hits you. The merfolk completely misses you.
You slice the water elemental!!
The water elemental is severely damaged.
* * * LOW HITPOINT WARNING * * *
Your lungs strain for air!
The harpy closely misses you. You furiously retaliate!
You headbutt the harpy!!
You kill the harpy!
Okawaru accepts your kill.
A sea snake comes into view.
The water elemental closely misses you. The water elemental hits you.
The merfolk hits you but does no damage.
The merfolk siren chants its luring song.
You barely miss the water elemental. You headbutt the water elemental!
The water elemental is almost destroyed.
You die...

~~~..##..~~~~~
..~~...~~~~~>.
......~~~~~~....###S...
.~~...~~≈≈≈~~~.........
~~~...~~≈≈≈~~~~~.......
~~~~~~~~≈≈≈≈~~~~.........
~~~~~~~~≈ ≈≈~..[~mm.....~
(~~~~~≈≈ ≈≈~~~~EEE.~~~.~
~~~~≈≈≈≈≈≈≈~~..~@# #.~...
~~~~≈≈≈≈≈≈≈~...!†##...E.)
~~~≈~~~≈≈≈≈~~~~~.......~~
~~≈~....~≈≈≈~~~~~...~~~~~
~~~..###.~~≈≈≈~~~†~~~~~~~
~~...# #..~~~~≈≈~~.~~~~.~
.....###..~.~.~~~~~~~~~~~
...........###.~~~~~~~~~≈
...........# #..~~~~~~~≈≈


You could see a sea snake, a merfolk, 3 water elementals and a merfolk siren
(mesmerising).

Vanquished Creatures
  Rupert (D:15)
  Frances (Lair:2)
  Roxanne (D:14)
  A fire giant (D:15)
  Louise (D:14)
  8 emperor scorpions (Spider:2)
  5 ghost moths
  3 broodmothers
  2 spark wasps (Spider:2)
  Azrael (D:12)
  Snorg (D:10)
  A merfolk impaler (Shoals:2)
  A fire dragon (Lair:5)
  2 entropy weavers
  8 vault guards (D:13)
  2 radroaches (Spider:2)
  2 catoblepae (Lair:5)
  3 jorogumos (Spider:2)
  4 boulder beetles
  4 hydras (Lair:5)
  A merfolk aquamancer (Shoals:1)
  3 two-headed ogres
  4 centaur warriors
  10 death yaks (Lair:5)
  The ghost of Ananasrisotto the Thaumaturge, a novice DEIE of Gozag (D:9)
  6 orc high priests (Orc:2)
  Sonja (D:11)
  A hell knight (Volcano)
  A sun moth (Spider:1)
  The ghost of Ivernyr the Nimble, a novice SpGl of Wu Jian (D:8)
  3 skysharks
  3 pharaoh ants
  2 orb spiders (Spider:1)
  8 skeletal warriors
  4 sea snakes
  A wizard (D:15)
  A lindwurm (Lair:5)
  7 harpies
  8 orc knights
  3 steelbarb worms (Spider:2)
  An orc sorcerer (Orc:2)
  6 deep elf pyromancers
  2 moths of wrath (Spider:2)
  5 wolf spiders
  4 fauns (Shoals:2)
  7 manticores
  3 elephants (Lair:4)
  9 ugly things
  4 merfolk sirens (Lair:2)
  5 cyclopes
  Maurice (D:11)
  3 demonic crawlers
  2 water nymphs (Shoals:2)
  2 gargoyles
  9 torpor snails
  4 rime drakes
  4 unseen horrors
  10 cane toads
  A yaktaur (Volcano)
  A freezing wraith (D:15)
  A tengu conjurer (D:9)
  11 komodo dragons
  4 merfolk
  16 trolls
  11 polar bears
  7 hornets (Lair:5)
  12 tarantellas
  4 dream sheep (Shoals:1)
  13 blink frogs
  4 tyrant leeches (Lair:5)
  3 raiju (Lair:5)
  25 slime creatures
  2 snapping turtles
  23 jumping spiders
  13 culicivoras
  3 vampires
  2 wraiths (D:12)
  A wyvern (shapeshifter) (D:14)
  64 yaks
  4 shadows
  4 basilisks
  3 fire bats (Lair:2)
  4 wyverns
  A steam dragon (D:10)
  A fire elemental (D:12)
  50 redbacks
  7 vampire mosquitoes
  2 acid dragons (D:11)
  8 wargs
  6 water moccasins
  Pargi (Sewer)
  16 hell hounds
  26 orc warriors
  12 black bears
  5 ice beasts
  7 ogres
  27 wolves
  13 centaurs
  4 phantoms
  2 kobold brigands
  2 gnoll sergeants
  9 bullfrogs
  2 scorpions
  11 wights
  A killer bee (D:10)
  10 howler monkeys
  2 hounds
  2 jellies
  2 gnoll boudas
  21 orc priests
  6 iguanas
  Natasha (thrice) (D:2)
  7 orc wizards
  8 adders
  19 gnolls
  A howler monkey simulacrum (D:9)
  2 worms
  10 dart slugs
  71 orcs
  4 ball pythons
  11 endoplasms
  4 goblins
  7 hobgoblins
  11 kobolds
  6 quokkas
  4 bats
  2 frilled lizards
  6 rats
870 creatures vanquished.

Vanquished Creatures (others)
  4 slime creatures (D:15)
  An orc (Orc:2)
5 creatures vanquished.

Grand Total: 875 creatures vanquished

Notes
Turn   | Place    | Note
-------+----------+-------------------------------------------
     0 | D:1      | Peloso the Minotaur Fighter began the quest for the Orb.
     0 | D:1      | Reached XP level 1. HP: 19/19 MP: 0/0
    72 | D:1      | Reached XP level 2. HP: 23/27 MP: 1/1
   134 | D:1      | Reached skill level 3 in Long Blades
   164 | D:1      | Found a faded altar of an unknown god.
   457 | D:1      | Reached XP level 3. HP: 28/33 MP: 2/2
  1104 | D:2      | Reached skill level 1 in Dodging
  1104 | D:2      | Reached XP level 4. HP: 40/40 MP: 3/3
  1115 | D:2      | Noticed Natasha
  1125 | D:2      | Killed Natasha
  1126 | D:2      | Reached skill level 4 in Long Blades
  1315 | D:2      | Noticed Natasha
  1320 | D:2      | Killed Natasha
  1397 | D:2      | Noticed Natasha
  1408 | D:2      | Killed Natasha
  1409 | D:2      | Reached skill level 5 in Long Blades
  1409 | D:2      | Reached XP level 5. HP: 30/46 MP: 4/4
  1474 | D:3      | Found Wenunas's Magic Scroll Emporium.
  1491 | D:3      | Found a stormy altar of Qazlal.
  2039 | D:3      | Bought a scroll of magic mapping for 82 gold pieces
  2039 | D:3      | Bought a scroll of teleportation for 33 gold pieces
  2261 | D:4      | Found an ancient bone altar of Kikubaaqudgha.
  2265 | D:4      | Found a sparkling altar of Nemelex Xobeh.
  2266 | D:4      | Found a shimmering blue altar of Sif Muna.
  2268 | D:4      | Found an opulent altar of Gozag.
  2272 | D:4      | Found a hazy altar of Hepliaklqana.
  2274 | D:4      | Found a burning altar of Makhleb.
  2280 | D:4      | Found a white marble altar of Elyvilon.
  2342 | D:4      | Reached XP level 6. HP: 49/53 MP: 5/5
  2472 | D:4      | Reached skill level 6 in Long Blades
  2472 | D:4      | Reached skill level 5 in Armour
  3042 | D:5      | Entered Level 5 of the Dungeon
  3283 | D:5      | Noticed a water moccasin
  3291 | D:5      | Killed a water moccasin
  3292 | D:5      | Reached skill level 5 in Shields
  3292 | D:5      | Reached XP level 7. HP: 56/60 MP: 6/6
  3306 | D:5      | Found an iron altar of Okawaru.
  3385 | D:5      | Became a worshipper of Warmaster Okawaru
  3556 | D:5      | Reached skill level 7 in Long Blades
  3895 | D:6      | Found a glowing drain.
  3918 | Sewer    | Entered a sewer
  3937 | Sewer    | Noticed Pargi
  3947 | Sewer    | Killed Pargi
  3948 | Sewer    | Reached skill level 5 in Fighting
  4577 | D:6      | Reached skill level 8 in Long Blades
  4577 | D:6      | Reached XP level 8. HP: 66/69 MP: 7/7
  4747 | D:6      | Reached * piety under Okawaru
  4958 | D:6      | Reached skill level 9 in Long Blades
  5063 | D:6      | Found a staircase to the Ecumenical Temple.
  5193 | D:6      | Reached skill level 1 in Stealth
  5386 | D:6      | Found a shimmering altar of Xom.
  5407 | D:6      | Reached ** piety under Okawaru
  5886 | D:7      | Reached XP level 9. HP: 77/77 MP: 8/8
  5912 | D:7      | You fall into a shaft and drop 2 floors!
  5912 | D:9      | Found an ornate altar of the Wu Jian Council.
  5935 | D:9      | Reached skill level 10 in Long Blades
  5939 | D:9      | Noticed a tengu conjurer
  5951 | D:9      | Killed a tengu conjurer
  5968 | D:9      | Reached *** piety under Okawaru
  6013 | D:9      | Reached skill level 1 in Invocations
  6013 | D:9      | Noticed a troll
  6056 | D:9      | Killed a troll
  6057 | D:9      | Reached skill level 11 in Long Blades
  6252 | D:9      | Reached XP level 10. HP: 60/88 MP: 8/10
  6448 | D:9      | Reached skill level 12 in Long Blades
  6464 | D:9      | Noticed Ananasrisotto's ghost (novice DEIE)
  6543 | D:9      | Found a runed translucent gate.
  6545 | D:9      | Found a runed translucent gate.
  6546 | D:9      | Found a runed translucent gate.
  6629 | D:8      | Reached **** piety under Okawaru
  7445 | D:8      | Found a large runed translucent door.
  7445 | D:8      | Found a large runed translucent door.
  7449 | D:8      | Noticed Ivernyr's ghost (novice SpGl)
  7669 | D:8      | Found a glowing golden altar of the Shining One.
  7914 | D:9      | Noticed a two-headed ogre
  7921 | D:9      | Killed a two-headed ogre
  7921 | D:9      | Reached ***** piety under Okawaru
  8269 | D:10     | Entered Level 10 of the Dungeon
  8488 | D:10     | Reached skill level 13 in Long Blades
  8561 | D:10     | Found a staircase to the Orcish Mines.
  8685 | D:10     | Reached XP level 11. HP: 94/97 MP: 11/11
  8713 | D:10     | Found a staircase to the Lair.
  9290 | D:10     | Noticed Snorg
  9309 | D:10     | Killed Snorg
  9309 | D:10     | Received a gift from Okawaru
  9310 | D:10     | Reached skill level 10 in Fighting
  9310 | D:10     | Reached skill level 14 in Long Blades
  9310 | D:10     | Reached skill level 10 in Armour
  9833 | D:11     | Noticed Maurice
  9838 | D:11     | Killed Maurice
 10143 | D:11     | Noticed a skeletal warrior
 10144 | D:11     | Noticed a skeletal warrior
 10159 | D:11     | Noticed a skeletal warrior
 10180 | D:11     | Killed a skeletal warrior
 10194 | D:11     | Killed a skeletal warrior
 10339 | D:11     | Killed a skeletal warrior
 11023 | D:11     | Reached XP level 12. HP: 85/107 MP: 10/12
 11334 | D:11     | Noticed Sonja
 11342 | D:11     | Killed Sonja
 11343 | D:11     | Reached skill level 15 in Long Blades
 11343 | D:11     | Reached skill level 10 in Shields
 11525 | Lair:1   | Entered Level 1 of the Lair of Beasts
 11834 | Lair:1   | Identified the +6 trident of the Endless Expanse
                  | {antimagic, Int+3}
 12778 | Lair:2   | Found a dark tunnel.
 12791 | Volcano  | Entered a volcano
 12807 | Volcano  | Noticed a centaur warrior
 12830 | Volcano  | Killed a centaur warrior
 12883 | Volcano  | Found a bloodstained altar of Trog.
 13295 | Lair:2   | Found a hole to the Spider Nest.
 13434 | Lair:2   | Noticed a boulder beetle
 13450 | Lair:2   | Killed a boulder beetle
 13676 | Lair:2   | Found a staircase to the Shoals.
 14009 | Lair:2   | Identified the +11 shadow dragon scales of Okawaru's Pride
                  | {Harm +Blink Slay+3 Stlth++++} (Okawaru gifted it to you on
                  | level 2 of the Lair of Beasts)
 14009 | Lair:2   | Received a gift from Okawaru
 14018 | Lair:2   | Reached XP level 13. HP: 112/118 MP: 13/13
 15111 | Lair:3   | You fall into a shaft and drop 2 floors!
 15111 | Lair:5   | Entered Level 5 of the Lair of Beasts
 15116 | Lair:5   | Found a runed translucent door.
 15116 | Lair:5   | Noticed a fire dragon
 15729 | Lair:5   | Received a gift from Okawaru
 15736 | Lair:5   | Reached skill level 16 in Long Blades
 16206 | Lair:5   | Reached ****** piety under Okawaru
 16371 | Lair:5   | Identified the +0 chain mail of Pathos {Int+2} (Okawaru
                  | gifted it to you on level 5 of the Lair of Beasts)
 16371 | Lair:5   | Received a gift from Okawaru
 16399 | Lair:5   | Reached XP level 14. HP: 121/130 MP: 15/15
 16675 | Lair:5   | Reached skill level 5 in Dodging
 17342 | Lair:4   | Found a staircase to the Slime Pits.
 17342 | Lair:4   | Found a viscous altar of Jiyva.
 17397 | Lair:4   | Reached skill level 17 in Long Blades
 17784 | Lair:4   | Identified the +6 hand axe of the Aged Shrikes {freeze,
                  | rPois rC+ Str+6}
 18881 | D:12     | Reached skill level 15 in Armour
 18923 | D:12     | Identified the amulet "Tituuwea" {Acrobat Contam rElec
                  | rN+++ rCorr}
 18962 | D:12     | Noticed Azrael
 18970 | D:12     | Killed Azrael
 19080 | D:12     | Reached skill level 15 in Fighting
 19429 | D:12     | Identified the scarf "Daeru" {shadows, Drain rPois rC+
                  | rN++} (Okawaru gifted it to you on level 12 of the Dungeon)
 19429 | D:12     | Received a gift from Okawaru
 19695 | Orc:1    | Entered Level 1 of the Orcish Mines
 19695 | Orc:1    | You fall into a shaft and drop 1 floor!
 19695 | Orc:2    | Entered Level 2 of the Orcish Mines
 20116 | Orc:2    | Found a staircase to the Elven Halls.
 20545 | Orc:2    | Reached XP level 15. HP: 43/141 MP: 16/16
 20636 | Orc:2    | Reached skill level 15 in Shields
 21148 | Orc:2    | Found Ecen's Magic Scroll Boutique.
 21148 | Orc:2    | Found Omosunus's Assorted Antiques.
 21149 | Orc:2    | Found Memiqi's Book Boutique.
 21149 | Orc:2    | Found Yqirchuno's Magic Scroll Shop.
 21161 | Orc:2    | Bought a scroll of brand weapon for 123 gold pieces
 21165 | Orc:2    | Bought a sedimented sapphire potion for 29 gold pieces
 21165 | Orc:2    | Bought a glowing green potion for 29 gold pieces
 21166 | Orc:2    | Bought 2 scrolls of identify for 48 gold pieces
 21166 | Orc:2    | Bought a scroll of identify for 24 gold pieces
 21178 | Orc:2    | Bought a scroll of identify for 26 gold pieces
 21910 | D:13     | Found a gate to the Vaults.
 21941 | D:13     | Identified the +6 demon trident of Yteloriwk {protect,
                  | Will- Int+3 Dex+5} (Okawaru gifted it to you on level 13 of
                  | the Dungeon)
 21941 | D:13     | Received a gift from Okawaru
 22188 | D:13     | Found a transporter.
 22880 | D:13     | Found a transporter.
 22925 | D:14     | Found Piomuhoog's General Store.
 22928 | D:14     | Bought a scroll of identify for 30 gold pieces
 22928 | D:14     | Noticed Roxanne
 22941 | D:14     | Killed Roxanne
 23070 | D:14     | Found a portal to a secret trove of treasure.
 23076 | D:14     | Noticed Louise
 23086 | D:14     | Killed Louise
 23175 | D:14     | Reached skill level 18 in Long Blades
 23256 | D:14     | Identified the scarf "Asoes" {harm, rElec} (Okawaru gifted
                  | it to you on level 14 of the Dungeon)
 23256 | D:14     | Received a gift from Okawaru
 24037 | D:15     | Entered Level 15 of the Dungeon
 24757 | D:15     | Noticed a fire giant
 24760 | D:15     | Found a staircase to the Depths.
 24768 | D:15     | Killed a fire giant
 24906 | D:15     | Noticed Rupert
 24914 | D:15     | Paralysed by Rupert for 3 turns
 24919 | D:15     | Killed Rupert
 26191 | D:3      | Bought a scroll of enchant weapon for 82 gold pieces
 26191 | D:3      | Bought a scroll of enchant weapon for 82 gold pieces
 26940 | D:8      | Killed Ivernyr's ghost
 27025 | D:9      | Identified the -1 pair of boots "Eghuityo" {rF- Slay+5}
                  | (Okawaru gifted it to you on level 9 of the Dungeon)
 27025 | D:9      | Received a gift from Okawaru
 27041 | D:9      | Killed Ananasrisotto's ghost
 27180 | Spider:1 | Entered Level 1 of the Spider Nest
 27187 | Spider:1 | Reached XP level 16. HP: 95/152 MP: 17/17
 29288 | Spider:2 | Received a gift from Okawaru
 29783 | Spider:2 | Reached skill level 19 in Long Blades
 30045 | Spider:2 | HP: 4/157 [jorogumo (18)]
 30060 | Spider:2 | Identified the +1 pair of gloves of the Kraken {Harm rC-
                  | Regen+} (Okawaru gifted it to you on level 2 of the Spider
                  | Nest)
 30060 | Spider:2 | Received a gift from Okawaru
 31095 | Shoals:1 | Entered Level 1 of the Shoals
 31095 | Shoals:1 | Noticed Frances
 31359 | Lair:2   | Killed Frances
 31360 | Lair:2   | Reached XP level 17. HP: 130/163 MP: 16/18
 31509 | Shoals:1 | Reached skill level 5 in Stealth
 31577 | Shoals:1 | You fall into a shaft and drop 1 floor!
 32046 | Shoals:2 | Found Hid Zudgh's Specific Store.
 32052 | Shoals:2 | Found Offoy's General Store.
 32383 | Shoals:1 | Drowned by a water elemental

Illustrated notes

Levels and vault maps discovered:
D:1:      eino_arrival_water_cross, layout_basic,
          shapermc_ecumenical_altar_petra
D:2:      layout_rooms, grunt_ministairs_1, uniq_natasha
D:3:      layout_basic, nicolae_qazlal_eye_of_the_storm, serial_shops,
          nicolae_shop_hallway_stairs, st_stairs_3
D:4:      layout_cave_pods, nicolae_overflow_hallway_of_the_gods,
          minmay_fountain_box, minmay_quantized
D:5:      layout_basic, mainiacjoe_overflow_paths,
          hangedman_abyss_or_decor_stagger
D:6:      layout_basic, mainiacjoe_overflow_24_doors,
          minmay_temple_entry_junction, cheibrodos_sewer_entry_bend,
          minivault_25, minmay_gold_behind_fungi
D:7:      layout_basic
D:8:      layout_basic, lemuel_tele_altar, ebering_ghost_disaster_area,
          minmay_misc_feat_four_crosses, chequers_serial_rivers_micro_d,
          grunt_decor_mini_mirrors, nicolae_grassy_gnolls
D:9:      layout_rooms, nzn_wu_jian_council_hall, gammafunk_ghost_split
D:10:     minmay_evil_eye, layout_loops_ring, hellmonk_lair_entry_icy,
          hiddenorc2_lemuel, uniq_snorg
D:11:     layout_loops_corners, uniq_sonja, uniq_maurice
D:12:     layout_roguey, st_stairs_1, minmay_holes, uniq_azrael
D:13:     layout_gridville, erik_vaults_2, nicolae_diode_stairs
D:14:     layout_irregular_city, enter_trove_0, serial_rivers,
          chequers_serial_rivers_micro_d, chequers_serial_rivers_small_b,
          chequers_serial_rivers_micro_a, chequers_serial_rivers_small_b,
          chequers_serial_rivers_large_a, serial_shops, nicolae_stop_n_shop_1,
          serial_bayou_pond_c, kennysheep_flooded_box, uniq_louise, uniq_roxanne
D:15:     grunt_enter_depths_giant_problem, layout_stronghold, minivault_24,
          lemuel_flamethrower_2, uniq_rupert
Lair:1:   layout_regular_city, beast_lair_carwin_2
Lair:2:   wander_river, layout_layer_cave, elwin_shoals_entry_stream,
          spider_nest_entry_a, nicolae_volcano_entry_batcave
Lair:3:   layout_cave_pods, grunt_forest_small_clearings
Lair:4:   layout_roguey, slime_entry_1, nicolae_lair_grazing_beasts
          [nicolae_sub_lair_graze_edge, nicolae_sub_lair_graze_edge,
          nicolae_sub_lair_graze_edge, nicolae_sub_lair_graze_edge]
Lair:5:   hangedman_lair_caniforms_friends, layout_gridlike, wormcave,
          minivault_23
Shoals:1: layout_shoals, uniq_frances
Shoals:2: layout_shoals, nicolae_specific_store
Spider:1: layout_spider_delve, guppyfry_spider_mini_1
Spider:2: nicolae_spider_hilbert_zone_3 [nicolae_spider_hilbert_4_sides_2_open,
          nicolae_spider_hilbert_3_sides_1_open,
          nicolae_spider_hilbert_3_sides_1_open,
          nicolae_spider_hilbert_3_sides_1_open,
          nicolae_spider_hilbert_3_sides_1_open,
          nicolae_spider_hilbert_4_sides_1_open,
          nicolae_spider_hilbert_4_sides_1_open,
          nicolae_spider_hilbert_4_sides_1_open,
          nicolae_spider_hilbert_4_sides_1_open,
          nicolae_spider_hilbert_4_sides_1_open,
          nicolae_spider_hilbert_4_sides_1_open,
          nicolae_spider_hilbert_4_sides_1_open,
          nicolae_spider_hilbert_4_sides_1_open,
          nicolae_spider_hilbert_3_sides_1_open,
          nicolae_spider_hilbert_3_sides_1_open,
          nicolae_spider_hilbert_3_sides_1_open,
          nicolae_spider_hilbert_3_sides_1_open], nicolae_spider_bug_shape
Orc:1:    layout_diamond_mine
Orc:2:    st_orc_pillars, layout_caves

Skill      XL: |  1  2  3  4  5  6  7  8  9 10 11 12 13 14 15 16 17 |
---------------+----------------------------------------------------+-----
Armour         | 4 5 6 8 9 11 13 14 15 16 17 | 17.3
Long Blades    | 3 5 6 8 9 11 13 14 15 16 17 18 19 | 19.5
Shields        | 4 5 6 7 9 11 13 14 16 17 | 17.9
Dodging        | 1 2 3 4 6 8 |  8.4
Fighting       | 4 5 6 7 9 10 12 13 15 16 18 | 18.3
Stealth        | 1 2 3 4 5 |  5.1
Invocations    | 1 2 |  2.8
Evocations     | |  0.7

Action                     |  1- 3 |  4- 6 |  7- 9 | 10-12 | 13-15 | 16-18 || total
---------------------------+-------+-------+-------+-------+-------+-------++-------
  Melee: Long sword        |    86 |   147 |   241 |   746 |       |       ||  1220
         Headbutt          |    10 |    23 |    55 |   201 |   258 |    81 ||   628
         Scimitar          |       |       |       |    90 |   432 |       ||   522
         Double sword      |       |       |       |       |   540 |   383 ||   923
 Invoke: Heroism           |       |       |     5 |    18 |     7 |     2 ||    32
  Evoke: Wand              |       |       |     3 |     4 |       |       ||     7
    Use: Potion            |     3 |     1 |     2 |     9 |     2 |     8 ||    25
         Scroll            |       |     3 |     5 |     7 |    15 |     2 ||    32
   Stab: Sleeping          |       |       |       |       |    12 |    10 ||    22
         Distracted        |       |       |       |       |     2 |       ||     2
 Armour: Scale mail        |    38 |       |       |       |       |       ||    38
         Chain mail        |    11 |    52 |       |       |       |       ||    63
         Plate armour      |       |    22 |    92 |   326 |       |       ||   440
         Shadow dragon sca |       |       |       |       |   582 |   535 ||  1117
  Dodge: Dodged            |    32 |    49 |    91 |   333 |   570 |   359 ||  1434
  Block: Buckler           |    20 |    34 |    70 |   321 |   503 |   346 ||  1294
